 Dungeon Crawl Stone Soup version 0.29.1-4-g47bece8355 (webtiles) character file.

Game seed: 1608967480488001799

1461 H0rd4k the Insei (level 8, -1/56 HPs)
             Began as an Octopode Artificer on Dec 2, 2022.
             Slain by a killer bee (9 damage)
             ... on level 7 of the Dungeon.
             The game lasted 00:06:14 (6873 turns).

H0rd4k the Insei (Octopode Artificer)               Turns: 6873, Time: 00:06:15

Health: -1/56      AC:  1    Str: 17    XL:     8   Next: 77%
Magic:  14/14      EV: 13    Int: 16    God:
Gold:   369        SH:  0    Dex: 12    Spells: 15/15 levels left

rFire   . . .      SeeInvis .     - Unarmed
rCold   + + .      Faith    .   (no shield)
rNeg    . . .      Spirit   .   (helmet restricted)
rPois   +          Reflect  .   (no amulet)
rElec   .          Harm     .   k - ring of protection from cold
rCorr   .          Rampage  .   D - +6 ring of strength
Will    .....                   t - ring of poison resistance
Stlth   +++.......              A - ring of protection from cold
HPRegen 0.18/turn               (no ring)
MPRegen 0.14/turn               (no ring)
                                (no ring)
                                (no ring)

@: no status effects
A: almost no armour, amphibious, 8 rings, camouflage 1, gelatinous body 1,
(nimble swimmer 1), tentacles
a: no special abilities


You were on level 7 of the Dungeon.
You visited 2 branches of the dungeon, and saw 8 of its levels.

You collected 369 gold pieces.

Inventory:

Missiles
 y - 8 poisoned darts
 B - 2 curare-tipped darts
Magical Staves
 u - a staff of air
Jewellery
 k - a ring of protection from cold (left tentacle)
 t - a ring of poison resistance (on tentacle)
 A - a ring of protection from cold (on tentacle)
 D - a +6 ring of strength (right tentacle)
Wands
 b - a wand of flame (17) (quivered)
 c - a wand of charming (7)
Scrolls
 a - 3 scrolls of summoning {unknown}
 e - 3 scrolls of vulnerability {unknown}
 h - 3 scrolls of magic mapping {unknown}
 i - 3 scrolls of teleportation {unknown}
 l - a scroll of poison {unknown}
 m - a scroll of silence {unknown}
 n - 2 scrolls of noise {unknown}
 p - 3 scrolls of identify {unknown}
 s - 2 scrolls of fear {unknown}
 v - a scroll of enchant weapon {unknown}
 x - a scroll of fog {unknown}
 C - a scroll of enchant armour {unknown}
Potions
 f - a potion of degeneration {unknown}
 g - a potion of haste
 j - 2 potions of might
 o - a potion of curing
 q - a potion of lignification {unknown}
 r - a potion of brilliance {unknown}
 w - 2 potions of heal wounds {unknown}
 z - a potion of flight {unknown}


   Skills:
 * Level 5.4 Fighting
 - Level 2.3 Dodging
 - Level 1.3 Stealth
 + Level 7.4 Unarmed Combat
 * Level 4.4 Spellcasting
 - Level 3.2 Evocations


You had 15 spell levels left.
You didn't know any spells.
Your spell library contained the following spells:

 Spells                   Type           Power      Damage    Failure   Level
 Ensorcelled Hibernation  Hex/Ice        6%         N/A       24%         2
 Passwall                 Tmut/Erth      2%         N/A       24%         2
 Swiftness                Air            3%         N/A       43%         3
 Summon Ice Beast         Ice/Summ       3%         N/A       85%         4
 Summon Mana Viper        Hex/Summ       3%         N/A       99%         5
 Monstrous Menagerie      Summ           1%         N/A       100%        7


Dungeon Overview and Level Annotations

Branches:
Dungeon (7/15)             Temple (1/1) D:6

Altars:
Ashenzari
Cheibriados
Dithmenos
Elyvilon
Fedhas
Hepliaklqana
Kikubaaqudgha
Nemelex Xobeh
Okawaru
Ru
Sif Muna
Trog
Vehumet
Wu Jian
Xom
Zin
The Shining One

Shops:
D:2 *

Annotations:
D:4 exclusion: hornet
D:5 exclusion: statue


Innate Abilities, Weirdness & Mutations

You cannot wear most types of armour.
You are amphibious.
You can wear up to eight rings at the same time.
Your skin changes colour to match your surroundings (Stealth+).
Your rubbery body absorbs attacks. (AC +1, EV +1)
((You are camouflaged when in or above water. (Stealth+)))
You have tentacles for arms and can constrict up to eight enemies at once.


Message History

Unknown command.
You completely miss the killer bee. Your grab misses the killer bee.
You squeeze the killer bee.
You kill the killer bee!
You feel sick.
Unknown command.
You feel better. The killer bee completely misses you.
The killer bee stings you!
You closely miss the killer bee. You grab the killer bee.
You tentacle-slap the killer bee, but do no damage.
You constrict the killer bee. The killer bee completely misses you.
The killer bee misses you.
You tentacle-slap the killer bee. You squeeze the killer bee.
The killer bee is severely wounded.
You constrict the killer bee. The killer bee stings you.
The killer bee misses you.
You tentacle-slap the killer bee.
You kill the killer bee!
You barely miss the killer bee. Your grab misses the killer bee.
You squeeze the killer bee.
The killer bee is lightly wounded.
The killer bee misses you. The killer bee stings you.
You miss the killer bee. Your grab misses the killer bee.
The killer bee is lightly wounded.
The killer bee stings you.
* * * LOW HITPOINT WARNING * * *
The killer bee completely misses you.
You barely miss the killer bee. Your grab misses the killer bee.
The killer bee is lightly wounded.
The killer bee stings you.
* * * LOW HITPOINT WARNING * * *
You feel better. The killer bee closely misses you. The killer bee stings you.
* * * LOW HITPOINT WARNING * * *
You barely miss the killer bee. Your grab misses the killer bee.
Your squeeze misses the killer bee.
The killer bee is lightly wounded.
The killer bee stings you.
* * * LOW HITPOINT WARNING * * *
The killer bee stings you!
You die...

# #.#.
#..y.####
#y†..#
#y# #@#
#.# #.#
#.#
#.####
#....#
####.#
#.# #.#


You could see a killer bee.

Vanquished Creatures
  Sigmund (D:2)
  A black bear (D:6)
  A bullfrog (D:6)
  2 kobold brigands (D:6)
  4 scorpions
  4 killer bees (D:7)
  2 hounds
  A jelly (D:6)
  2 orc priests (D:6)
  A gnoll bouda (D:4)
  2 orc wizards (D:6)
  2 iguanas
  A gnoll (D:4)
  3 adders (D:5)
  2 shadow imps (D:6)
  2 worms (D:3)
  A dart slug (D:5)
  16 orcs
  5 ball pythons
  3 endoplasms
  4 giant cockroaches
  6 goblins
  5 hobgoblins
  3 jackals (D:2)
  3 quokkas (D:1)
  8 bats
  4 frilled lizards
  17 kobolds
  6 rats
112 creatures vanquished.

Vanquished Creatures (collateral kills)
  2 killer bees (D:5)
  An iguana (D:6)
  An orc wizard (D:6)
  2 gnolls (D:4)
  An adder (D:4)
  A jackal (D:2)
8 creatures vanquished.

Vanquished Creatures (others)
  2 killer bees (D:5)
  A gnoll (D:4)
  3 adders
  A kobold (D:6)
7 creatures vanquished.

Grand Total: 127 creatures vanquished

Notes
Turn   | Place    | Note
-------+----------+-------------------------------------------
     0 | D:1      | H0rd4k the Octopode Artificer began the quest for the Orb.
     0 | D:1      | Reached XP level 1. HP: 13/13 MP: 1/1
   285 | D:1      | Found a faded altar of an unknown god.
   319 | D:1      | Reached XP level 2. HP: 17/18 MP: 1/3
   512 | D:1      | Reached skill level 1 in Spellcasting
   855 | D:1      | Reached XP level 3. HP: 19/24 MP: 4/4
   915 | D:1      | Reached skill level 1 in Unarmed Combat
  1377 | D:2      | Identified the +2 leather armour of Catatonia {rPois Int-4
                  | Dex+5 Stlth+}
  1454 | D:2      | Noticed Sigmund
  1475 | D:2      | Killed Sigmund
  1476 | D:2      | Reached skill level 2 in Unarmed Combat
  1476 | D:2      | Reached XP level 4. HP: 30/31 MP: 5/8
  1476 | D:2      | Reached XP level 5. HP: 35/36 MP: 5/9
  1970 | D:2      | Found Cijyat's General Store.
  1999 | D:2      | You fall into a shaft and drop 1 floor!
  2026 | D:3      | Reached XP level 6. HP: 21/42 MP: 10/10
  2562 | D:3      | Found a sparkling altar of Nemelex Xobeh.
  2602 | D:3      | Found a shimmering altar of Xom.
  2603 | D:3      | Found an iron altar of Okawaru.
  3139 | D:4      | Reached skill level 3 in Unarmed Combat
  3206 | D:4      | Found a shadowy altar of Dithmenos.
  3425 | D:4      | Noticed a hornet
  3511 | D:4      | Found an ornate altar of the Wu Jian Council.
  3749 | D:5      | Entered Level 5 of the Dungeon
  3906 | D:5      | Reached skill level 4 in Unarmed Combat
  3906 | D:5      | Reached XP level 7. HP: 45/47 MP: 11/11
  4166 | D:5      | Found a radiant altar of Vehumet.
  4698 | D:5      | Reached skill level 5 in Unarmed Combat
  5291 | D:6      | Reached XP level 8. HP: 54/54 MP: 13/13
  5578 | D:6      | Reached skill level 6 in Unarmed Combat
  5927 | D:6      | Found a staircase to the Ecumenical Temple.
  6237 | D:6      | Reached skill level 5 in Fighting
  6368 | Temple   | Entered the Ecumenical Temple
  6368 | Temple   | Found a transporter.
  6368 | Temple   | Found a transporter.
  6370 | Temple   | Found a transporter.
  6370 | Temple   | Found a transporter.
  6753 | D:6      | Reached skill level 7 in Unarmed Combat
  6873 | D:7      | Slain by a killer bee

Illustrated notes

Levels and vault maps discovered:
D:1:      lightli_arrival_quake, layout_basic, hellmonk_ecumenical_altar_zigzags
D:2:      layout_rooms, serial_shops, shop, kennysheep_cluttered_room,
          uniq_sigmund
D:3:      layout_basic, brannock_xom_greatest_gift, nemelex_altar_shiori,
          mainiacjoe_overflow_alcove_2
D:4:      layout_loops_corners, lemuel_tele_altar,
          grunt_dithmenos_smoke_and_mirrors, wad_orctagon, uniq_robin
D:5:      layout_loops_ring, vehumet_statue
D:6:      layout_loops_ring, minmay_temple_entry_overgrown
D:7:      layout_loops_ring, kennysheep_mini, grunt_ministairs_7
Temple:   hellmonk_temple_divided_pantheon

Skill      XL: |  1  2  3  4  5  6  7  8 |
---------------+-------------------------+-----
Spellcasting   | 1 2 3 4 |  4.4
Unarmed Combat | 2 4 5 7 |  7.4
Fighting       | 3 4 5 |  5.4
Dodging        | |  2.3
Stealth        | |  1.3
Evocations     | |  3.2

Action                   |  1- 3 |  4- 6 |  7- 9 || total
-------------------------+-------+-------+-------++-------
Melee: Unarmed           |    67 |   102 |   112 ||   281
       Constrict         |    28 |    30 |    24 ||    82
       Tentacles         |    22 |    25 |    32 ||    79
       Punch             |     1 |     7 |     7 ||    15
Evoke: Wand              |     4 |    10 |    15 ||    29
  Use: Potion            |       |       |     5 ||     5
 Stab: Sleeping          |     9 |     8 |     4 ||    21
       Distracted        |       |       |     2 ||     2
       Betrayed ally     |       |       |     1 ||     1
Armor: Skin              |    10 |     8 |     2 ||    20
Dodge: Dodged            |    54 |    50 |    52 ||   156
